 Dungeon Crawl Stone Soup version 0.29.0-4-gdea44cf6ec (webtiles) character file.

Game seed: 8795899269381502994

9793 voltaire321 the Prestidigitator (level 11, -3/86 HPs)
             Began as a Demonspawn Artificer on Aug 27, 2022.
             Was an Elder of Wu Jian.
             Slain by a two-headed ogre
             ... wielding a +0 giant club
              (26 damage)
             ... on level 10 of the Dungeon.
             The game lasted 00:30:24 (12570 turns).

voltaire321 the Prestidigitator (DsAr)             Turns: 12570, Time: 00:30:24

Health: -3/86      AC: 17    Str: 18    XL:     11   Next: 27%
Magic:  18/18      EV: 18    Int: 12    God:    Wu Jian [****..]
Gold:   586        SH:  5    Dex: 13    Spells: 18/20 levels left

rFire   . . .      SeeInvis +   N - +9 broad axe of the Wary Youths {vorpal, Will+}
rCold   . . .      Faith    .   (no shield)
rNeg    . . .      Spirit   .   E - +2 leather armour {rPois}
rPois   +          Reflect  +   (helmet restricted)
rElec   .          Harm     .   (no cloak)
rCorr   .          Rampage  .   w - +1 pair of gloves
Will    +....                   (no boots)
Stlth   ++........              A - amulet of reflection
HPRegen 0.24/turn               o - ring of see invisible
MPRegen 0.16/turn               c - +4 ring of evasion

@: sanguine armoured
A: horns 1, powered by death 1, powered by pain 2, sanguine armour 2
a: Renounce Religion, Wall Jump, Serpent's Lash


You were on level 10 of the Dungeon.
You worshipped Wu Jian.
Wu Jian was greatly pleased with you.
You visited 1 branch of the dungeon, and saw 10 of its levels.

You collected 586 gold pieces.

Inventory:

Hand Weapons
 K - a +3 scimitar of flaming
 N - the +9 broad axe of the Wary Youths (weapon) {vorpal, Will+}
   (You took it off a meliai on level 9 of the Dungeon)

   It inflicts extra damage upon your enemies.
   Will:      It increases your willpower.
Missiles
 i - 11 javelins (quivered)
Armour
 g - +0 steam dragon scales
 w - a +1 pair of gloves (worn)
 E - a +2 leather armour of poison resistance (worn)
 J - a +3 scale mail
Jewellery
 a - a +6 ring of strength
 c - a +4 ring of evasion (right hand)
 f - a ring of resist corrosion
 n - a ring of wizardry
 o - a ring of see invisible (left hand)
 y - a ring of willpower
 A - an amulet of reflection (around neck)
Wands
 d - a wand of charming (15)
 e - a wand of iceblast (5)
 t - a wand of polymorph (14)
 C - a wand of acid (4)
 G - a wand of roots (20)
 I - a wand of flame (19)
Scrolls
 j - 3 scrolls of enchant armour
 s - 2 scrolls of enchant weapon
 x - 3 scrolls of butterflies
 z - a scroll of amnesia
 L - a scroll of fear {unknown}
 M - 2 scrolls of identify
Potions
 b - 2 potions of might {unknown}
 h - a potion of invisibility
 k - a potion of haste
 l - 3 potions of curing
 m - 2 potions of flight
 p - a potion of resistance
 q - a potion of cancellation {unknown}
 u - a potion of mutation {unknown}
 v - a potion of ambrosia {unknown}
 B - 2 potions of brilliance {unknown}
 D - a potion of heal wounds
 H - a potion of magic {unknown}


   Skills:
 + Level 8.0 Fighting
 * Level 1.9 Axes
 + Level 7.3 Armour
 + Level 7.2 Dodging
 - Level 1.8 Stealth
 - Level 5.0 Spellcasting
 + Level 5.0 Translocations
 + Level 8.4 Evocations


You had 18 spell levels left.
You knew the following spells:

 Your Spells              Type           Power      Damage    Failure   Level
a - Blink                 Tloc           30%        N/A       4%          2

Your spell library contained the following spells:

 Spells                   Type           Power      Damage    Failure   Level
 Lesser Beckoning         Tloc           15%        N/A       9%          3
 Freeze                   Ice            12%        1d4       22%         1
 Magic Dart               Conj           12%        1d3       22%         1
 Call Imp                 Summ           3%         N/A       34%         2
 Mephitic Cloud           Conj/Pois/Air  3%         N/A       56%         3
 Ozocubu's Armour         Ice            3%         N/A       56%         3
 Manifold Assault         Tloc           15%        N/A       63%         5
 Ozocubu's Refrigeration  Ice            1%         4d7       100%        7
 Storm Form               Tmut/Air       1%         N/A       100%        7


Dungeon Overview and Level Annotations

Branches:
Dungeon (10/15)            Temple (0/1) D:7            Lair (0/5) D:9
    Orc (0/2) D:10

Altars:
Ashenzari
Cheibriados
Dithmenos
Hepliaklqana
Kikubaaqudgha
Makhleb
Okawaru
Sif Muna
Trog
Vehumet
Wu Jian
Xom

Annotations:
D:3 3 runed translucent doors, birdmanesq's ghost, amateur HOGl
D:7 2 transporters, turdburglar's ghost, novice GnHu


Innate Abilities, Weirdness & Mutations

You have a pair of small horns on your head.
You regenerate a little health from kills.
You sometimes gain power by taking damage.
When seriously injured, your blood forms thick armour. (AC +9)


Message History

You are engulfed in a cloud of scalding steam.
Your Translocations skill increases to level 5!
Items here: ))) [[[ †††††.
Okay, then.
Things that are here:
a +0 trident; a +0 plate armour You start resting.
Your blood armour dries and flakes away.
You start resting.
You feel a little less agile now.
Things that are here:
a +0 trident; a +0 plate armour HP restored.
Found a staircase to the Orcish Mines.
A sourceless malevolence fills the Dungeon... and a teleportation trap spontaneously manifests!
You are yanked towards a nearby monster!
Your surroundings suddenly seem different.
A two-headed ogre comes into view. It is wielding two +0 giant clubs.
Found 5 stones and a +6 ring of strength.
Found an escape hatch in the floor.
Found a stone staircase leading down.
You lunge at the two-headed ogre, but your attack speed is too slow for a blow to land.
The helpless two-headed ogre fails to defend itself.
You slash the two-headed ogre! You headbutt the two-headed ogre.
The two-headed ogre is moderately wounded.
The two-headed ogre hits you with a +0 giant club!! x2
Your blood congeals into armour.
You slash the two-headed ogre!
The two-headed ogre is heavily wounded.
The two-headed ogre misses you.
The two-headed ogre hits you with a +0 giant club!
You slash the two-headed ogre!
You headbutt the two-headed ogre, but do no damage.
The two-headed ogre is heavily wounded.
The two-headed ogre hits you with a +0 giant club!
* * * LOW HITPOINT WARNING * * *
The two-headed ogre misses you.
You barely miss the two-headed ogre. You headbutt the two-headed ogre.
The two-headed ogre is heavily wounded.
The two-headed ogre hits you with a +0 giant club!!
You die...

##...## .....
#.....## .....
#......#. .....
#........ .....
#=....... .....
###........
.....
#..(.......
....#
##.#..........
.....
#.....@.......
.....
.......O.......
.....
...###......>..
.... ..
....>..... .###
. ...........
#..#........
#.#......... ##
##.......


You could see a two-headed ogre.

Vanquished Creatures
  A hydra (D:9)
  Erica (D:9)
  A two-headed ogre (D:8)
  Maggie (D:7)
  A troll (D:9)
  A meliai (D:9)
  2 hornets
  A slime creature (D:8)
  A wraith (D:9)
  14 yaks
  2 steam dragons
  Menkaure (D:6)
  3 water moccasins
  An acid dragon (D:9)
  Duvessa (D:6)
  5 orc warriors
  3 ice beasts
  A black bear (D:4)
  2 ogres
  3 centaurs
  2 phantoms
  5 kobold brigands
  2 bullfrogs
  4 necrophages
  3 scorpions
  5 wights
  Dowan (D:6)
  A howler monkey (D:6)
  4 hounds (D:5)
  5 orc priests
  A gnoll bouda (D:8)
  4 jellies
  Terence (D:2)
  4 iguanas
  10 orc wizards
  5 gnolls
  6 adders
  2 shadow imps (D:7)
  A white imp (D:6)
  An ufetubus (D:5)
  2 worms (D:2)
  3 dart slugs (D:2)
  47 orcs
  8 bats
  8 endoplasms
  4 giant cockroaches
  9 goblins
  6 hobgoblins
  33 kobolds
  6 quokkas
  9 ball pythons
  4 frilled lizards
  8 rats
260 creatures vanquished.

Vanquished Creatures (others)
  10 plants
10 creatures vanquished.

Grand Total: 270 creatures vanquished

Notes
Turn   | Place    | Note
-------+----------+-------------------------------------------
     0 | D:1      | voltaire321 the Demonspawn Artificer began the quest for
                  | the Orb.
     0 | D:1      | Reached XP level 1. HP: 15/15 MP: 1/1
   233 | D:1      | Reached skill level 1 in Dodging
   233 | D:1      | Reached skill level 1 in Stealth
   763 | D:1      | Gained mutation: You regenerate a little health from kills.
                  | [demonic ancestry]
   763 | D:1      | Reached XP level 2. HP: 11/21 MP: 2/2
  1375 | D:1      | Found a faded altar of an unknown god.
  1761 | D:2      | Gained mutation: When seriously injured, your blood forms
                  | armour. (AC +9) [demonic ancestry]
  1761 | D:2      | Reached XP level 3. HP: 26/26 MP: 3/3
  2139 | D:2      | Noticed Terence
  2147 | D:2      | Killed Terence
  2148 | D:2      | Gained mutation: You sometimes gain a little power by
                  | taking damage. [demonic ancestry]
  2148 | D:2      | Reached XP level 4. HP: 22/33 MP: 3/5
  3140 | D:3      | Reached skill level 1 in Spellcasting
  3467 | D:3      | Found a runed translucent gate.
  3470 | D:3      | Found a runed translucent gate.
  3472 | D:3      | Found a runed translucent gate.
  3472 | D:3      | Noticed birdmanesq's ghost (amateur HOGl)
  3771 | D:3      | Gained mutation: You have a pair of small horns on your
                  | head. [demonic ancestry]
  3771 | D:3      | Reached XP level 5. HP: 28/38 MP: 6/6
  4099 | D:4      | Noticed a phantom
  4105 | D:4      | Killed a phantom
  4420 | D:4      | Gained mutation: You sometimes gain power by taking damage.
                  | [demonic ancestry]
  4420 | D:4      | Reached XP level 6. HP: 32/46 MP: 8/8
  4854 | D:4      | Noticed an ice beast
  4855 | D:4      | Found an ornate altar of the Wu Jian Council.
  4866 | D:4      | Killed an ice beast
  4867 | D:4      | Reached XP level 7. HP: 45/52 MP: 10/10
  4900 | D:4      | Became a worshipper of the Wu Jian Council
  5629 | D:5      | Entered Level 5 of the Dungeon
  5751 | D:5      | Reached skill level 5 in Evocations
  6722 | D:6      | Reached XP level 8. HP: 61/61 MP: 11/11
  7028 | D:6      | Noticed Menkaure
  7034 | D:6      | Killed Menkaure
  7035 | D:6      | Reached skill level 5 in Fighting
  7116 | D:6      | Reached skill level 5 in Armour
  7116 | D:6      | Noticed Dowan
  7263 | D:6      | Noticed Duvessa
  7345 | D:5      | Learned a level 2 spell: Blink
  7477 | D:6      | Killed Duvessa
  7477 | D:6      | Reached * piety under Wu Jian
  7478 | D:6      | Reached skill level 5 in Dodging
  7540 | D:6      | Reached XP level 9. HP: 69/69 MP: 12/12
  7670 | D:6      | Killed Dowan
  7671 | D:6      | Reached skill level 1 in Translocations
  7915 | D:6      | Found a shadowy altar of Dithmenos.
  7915 | D:6      | You fall into a shaft and drop 2 floors!
  7953 | D:8      | Noticed an angel
  8288 | D:7      | Found a transporter.
  8306 | D:7      | Noticed a moth of wrath
  8310 | D:7      | Noticed turdburglar's ghost (novice GnHu)
  8323 | D:7      | Noticed a troll
  8446 | D:7      | Found a bloodstained altar of Trog.
  8576 | D:7      | Found a radiant altar of Vehumet.
  8576 | D:7      | Found a hazy altar of Hepliaklqana.
  8576 | D:7      | Found a shimmering altar of Xom.
  8577 | D:7      | Found a bloodstained altar of Trog.
  8608 | D:7      | Noticed Maggie
  8620 | D:7      | Killed Maggie
  8620 | D:7      | Reached ** piety under Wu Jian
  8784 | D:7      | Found an ancient bone altar of Kikubaaqudgha.
  9020 | D:7      | Found a transporter.
  9066 | D:7      | Found a staircase to the Ecumenical Temple.
  9694 | D:8      | Noticed a two-headed ogre
  9989 | D:8      | Killed a two-headed ogre
  9990 | D:8      | Reached XP level 10. HP: 73/77 MP: 15/15
 10101 | D:8      | Found a shimmering blue altar of Sif Muna.
 10122 | D:8      | Found a burning altar of Makhleb.
 10122 | D:8      | Found a broken altar of Ashenzari.
 10132 | D:8      | Found a faded altar of an unknown god.
 10134 | D:8      | Found a snail-covered altar of Cheibriados.
 10171 | D:8      | Got Sif Muna's Exposition on the Winter
 10384 | D:8      | Reached *** piety under Wu Jian
 10756 | D:9      | Noticed Erica
 10799 | D:9      | Killed Erica
 11472 | D:9      | HP: 1/79 [acid dragon/splash of acid (28)]
 12013 | D:9      | Noticed a five-headed hydra
 12016 | D:9      | Identified the +9 broad axe of the Wary Youths {vorpal,
                  | Will+}
 12022 | D:9      | Killed a five-headed hydra
 12023 | D:9      | Reached skill level 5 in Spellcasting
 12023 | D:9      | Gained mutation: When seriously injured, your blood forms
                  | thick armour. (AC +9) [demonic ancestry]
 12023 | D:9      | Reached XP level 11. HP: 73/85 MP: 18/18
 12331 | D:9      | Found a staircase to the Lair.
 12341 | D:9      | Found an iron altar of Okawaru.
 12346 | D:9      | Reached **** piety under Wu Jian
 12421 | D:10     | Entered Level 10 of the Dungeon
 12472 | D:10     | Reached skill level 1 in Axes
 12492 | D:10     | Reached skill level 5 in Translocations
 12558 | D:10     | Found a staircase to the Orcish Mines.
 12565 | D:10     | Noticed a two-headed ogre
 12570 | D:10     | Slain by a two-headed ogre

Illustrated notes

Levels and vault maps discovered:
D:1:      minmay_arrival_plants_in_alcoves, layout_loops_corners,
          ebering_ecumenical_altar_petrified
D:2:      layout_basic, chequers_avenue, uniq_terence
D:3:      layout_basic, ebering_ghost_rock_garden, skrybe_limestone_x
D:4:      layout_layer_cave, mainiacjoe_overflow_concentric_impassable,
          minmay_cupped
D:5:      layout_cave_pods
D:6:      layout_rooms, grunt_dithmenos_shadows, uniq_duvessa, uniq_menkaure
D:7:      layout_loops_corners, chequers_temple_overflow_statue_of_worship,
          mainiacjoe_overflow_surrounded_room,
          minmay_temple_entry_gardened_gates, gammafunk_ghost_wrathful_warriors,
          nrook_uturn, uniq_maggie
D:8:      layout_loops_ring, zin_angel, chequers_temple_overflow_minitemple,
          led_sif_book, hangedman_abyss_or_decor_stagger,
          kennysheep_generic_room_7
D:9:      nzn_winding_woodlands_three_and_one [nzn_winding_woodlands_5x15_pool,
          nzn_winding_woodlands_5x15_pathside_ponds,
          nzn_winding_woodlands_5x15_sawtooth,
          nzn_winding_woodlands_center_diamonds], layout_rooms,
          okawaru_altar_gauntlet_db, lair_entry_dummy, uniq_erica
D:10:     layout_cave_pools, orc_0_dummy

Skill      XL: |  1  2  3  4  5  6  7  8  9 10 11 |
---------------+----------------------------------+-----
Dodging        | 1 2 3 5 6 7 |  7.2
Stealth        | 1 |  1.8
Armour         | 2 3 4 5 6 7 |  7.3
Fighting       | 2 3 4 5 6 7 8 |  8.0
Spellcasting   | 1 2 3 5 |  5.0
Evocations     | 4 5 6 7 8 |  8.4
Translocations | 3 4 5 |  5.0
Axes           | 1 |  1.9

Action                   |  1- 3 |  4- 6 |  7- 9 | 10-12 || total
-------------------------+-------+-------+-------+-------++-------
Melee: Club              |    55 |       |       |       ||    55
       Dagger            |    68 |       |       |       ||    68
       Short sword       |     2 |       |       |       ||     2
       Hand axe          |       |   125 |   277 |   179 ||   581
       Punch             |       |     4 |     4 |     7 ||    15
       Headbutt          |       |     5 |    59 |    53 ||   117
       Broad axe         |       |       |       |    53 ||    53
Throw: Javelin           |       |       |     6 |       ||     6
Invok: Lunge             |       |       |    16 |     4 ||    20
       Whirlwind         |       |       |     8 |     5 ||    13
Evoke: Wand              |     5 |    10 |     8 |     9 ||    32
  Use: Scroll            |       |       |    17 |     2 ||    19
       Potion            |       |       |       |     2 ||     2
 Stab: Sleeping          |       |       |     3 |     1 ||     4
Armor: Scale mail        |    31 |    28 |       |       ||    59
       Leather armour    |     9 |       |    23 |    57 ||    89
       Chain mail        |       |    53 |    55 |       ||   108
       Steam dragon scal |       |       |     3 |       ||     3
Dodge: Dodged            |    67 |    51 |   204 |   218 ||   540
Block: Other             |       |       |    53 |    60 ||   113
       Reflection        |       |       |       |     2 ||     2
